2770 views
Uploaded 2020-02-11 20:33:28
Game version 1.32 / 1.32.1
17:47 long 3on3 ladder game on (6)ThunderLake_LV
Saved by BEARAND
2770 views
Uploaded 2020-02-11 20:33:28
Game version 1.32 / 1.32.1
17:47 long 3on3 ladder game on (6)ThunderLake_LV


87 units @ 12.6k
/ 1.9k
39 buildings @ 6.5k
/ 2.5k


| Wisp | 20 | 1200 | / | 0 |
| Archer | 1 | 130 | / | 10 |
| Huntress | 6 | 1170 | / | 120 |
| Dryad | 4 | 580 | / | 240 |
| Glaive Thrower | 4 | 840 | / | 260 |
| total: | 35 | 3920g | / | 630w |
| Altar of Elders | 1 | 180 | / | 50 |
| Moon Well | 6 | 1080 | / | 240 |
| Ancient of War | 3 | 450 | / | 180 |
| Hunter's Hall | 1 | 210 | / | 100 |
| Tree of Life | 1 | 340 | / | 185 |
| Ancient of Lore | 2 | 310 | / | 290 |
| Tree of Ages | 1 | 320 | / | 180 |
| Tree of Eternity | 1 | 330 | / | 200 |
| total: | 14 | 2570g | / | 1045w |
| 0:03 | Wisp |
| 0:03 | Wisp |
| 0:04 | Wisp |
| 0:06 | Altar of Elders |
| 0:15 | Wisp |
| 0:19 | Moon Well |
| 0:25 | Wisp |
| 0:51 | Wisp |
| 1:09 | Ancient of War |
| 1:15 | Wisp |
| 1:17 | Wisp |
| 1:27 | Wisp |
| 1:41 | Hunter's Hall |
| 1:43 | Wisp |
| 1:57 | Moon Well |
| 2:16 | Archer |
| 2:24 | Entangling Roots |
| 3:25 | Huntress |
| 3:31 | Tree of Ages |
| 3:35 | Moon Well |
| 3:36 | Strength of the Wild |
| 3:38 | Strength of the Moon |
| 4:53 | Huntress |
| 5:15 | Huntress |
| 5:37 | Moon Armor |
| 5:37 | Improved Strength of the Wild |
| 5:47 | Huntress |
| 5:55 | Wisp |
| 5:55 | Wisp |
| 5:57 | Wisp |
| 6:00 | Ancient of Lore |
| 6:15 | Ancient of Lore |
| 6:21 | Moon Glaive |
| 6:39 | Wisp |
| 6:41 | Wisp |
| 7:03 | Wisp |
| 7:44 | Dryad |
| 7:45 | Abolish Magic |
| 7:58 | Thorns Aura |
| 8:00 | Trueshot Aura |
| 8:07 | Moon Well |
| 8:18 | Dryad |
| 9:02 | Improved Moon Armor |
| 9:04 | Huntress |
| 9:08 | Moon Well |
| 9:25 | Dryad |
| 9:59 | Searing Arrows |
| 10:06 | Dryad |
| 10:07 | Huntress |
| 10:39 | Moon Well |
| 10:43 | Reinforced Hides |
| 11:09 | Entangling Roots |
| 11:38 | Tree of Eternity |
| 12:30 | Glaive Thrower |
| 12:38 | Ancient of War |
| 12:40 | Ancient of War |
| 12:58 | Vorpal Blades |
| 13:23 | Tree of Life |
| 13:52 | Trueshot Aura |
| 14:23 | Well Spring |
| 14:29 | Wisp |
| 14:30 | Wisp |
| 14:30 | Wisp |
| 14:59 | Glaive Thrower |
| 15:21 | Glaive Thrower |
| 15:28 | Glaive Thrower |
| 15:37 | Wisp |
| Right click | 802 |
| Select group | 213 |
| Select | 206 |
| Misc. action | 65 |
| Build/train/purchase | 57 |
| Assign group | 30 |
| Use ability | 19 |
| Chat | 10 |
| Remove unit | 2 |
| Item give/drop | 1 |
| Minimap ping | 1 |


| Rod of Necromancy | 1 | 150 |
| total: | 1 | 150g |
| Acolyte | 7 | 525 | / | 0 |
| Ghoul | 6 | 720 | / | 0 |
| Crypt Fiend | 12 | 2580 | / | 480 |
| Obsidian Statue | 4 | 800 | / | 140 |
| Meat Wagon | 2 | 460 | / | 100 |
| total: | 31 | 5085g | / | 720w |
| Spirit Tower | 2 | 290 | / | 80 |
| Nerubian Tower | 1 | 100 | / | 20 |
| Altar of Darkness | 1 | 180 | / | 50 |
| Ziggurat | 7 | 1050 | / | 350 |
| Crypt | 1 | 200 | / | 50 |
| Graveyard | 1 | 215 | / | 0 |
| Tomb of Relics | 1 | 130 | / | 30 |
| Slaughterhouse | 2 | 280 | / | 270 |
| Halls of the Dead | 1 | 320 | / | 210 |
| Black Citadel | 1 | 325 | / | 230 |
| total: | 13 | 2055g | / | 750w |
| 0:06 | Acolyte |
| 0:10 | Altar of Darkness |
| 0:13 | Ziggurat |
| 0:26 | Crypt |
| 0:36 | Acolyte |
| 1:06 | Graveyard |
| 1:24 | Acolyte |
| 1:28 | Ghoul |
| 1:42 | Tomb of Relics |
| 1:48 | Ghoul |
| 2:03 | Ziggurat |
| 2:12 | Death Coil |
| 2:16 | Ghoul |
| 2:46 | Rod of Necromancy |
| 2:56 | Crypt Fiend |
| 3:26 | Crypt Fiend |
| 3:55 | Halls of the Dead |
| 4:14 | Crypt Fiend |
| 4:29 | Ziggurat |
| 4:52 | Spirit Tower |
| 5:02 | Unholy Aura |
| 5:22 | Crypt Fiend |
| 5:28 | Ziggurat |
| 6:05 | Crypt Fiend |
| 6:22 | Death Coil |
| 6:37 | Slaughterhouse |
| 6:38 | Web |
| 7:20 | Crypt Fiend |
| 7:50 | Obsidian Statue |
| 7:55 | Ghoul |
| 8:07 | Slaughterhouse |
| 8:16 | Crypt Fiend |
| 8:25 | Obsidian Statue |
| 8:32 | Ziggurat |
| 8:34 | Nerubian Tower |
| 8:37 | Spirit Tower |
| 9:09 | Black Citadel |
| 9:15 | Crypt Fiend |
| 10:27 | Ghoul |
| 10:59 | Frost Nova |
| 11:05 | Ghoul |
| 12:48 | Disease Cloud |
| 12:50 | Meat Wagon |
| 12:52 | Exhume Corpses |
| 12:53 | Meat Wagon |
| 13:15 | Ziggurat |
| 13:47 | Acolyte |
| 13:48 | Acolyte |
| 13:49 | Acolyte |
| 14:02 | Crypt Fiend |
| 14:35 | Frost Armor |
| 14:45 | Unholy Aura |
| 15:20 | Crypt Fiend |
| 15:26 | Ziggurat |
| 15:32 | Acolyte |
| 15:36 | Obsidian Statue |
| 16:28 | Crypt Fiend |
| 17:03 | Crypt Fiend |
| 17:05 | Obsidian Statue |
| Right click | 402 |
| Select group | 160 |
| Select | 150 |
| Build/train/purchase | 51 |
| Assign group | 22 |
| Use ability | 14 |
| Misc. action | 11 |
| Resource trade | 5 |
| Item give/drop | 1 |
| Esc | 1 |


| Healing Salve | 3 | 300 |
| Lesser Clarity Potion | 2 | 140 |
| Potion of Healing | 1 | 150 |
| Potion of Mana | 2 | 400 |
| total: | 8 | 990g |
| Peon | 7 | 525 | / | 0 |
| Grunt | 5 | 1000 | / | 0 |
| Spirit Walker | 2 | 390 | / | 70 |
| Tauren | 3 | 840 | / | 240 |
| Demolisher | 4 | 880 | / | 200 |
| total: | 21 | 3635g | / | 510w |
| Altar of Storms | 1 | 180 | / | 50 |
| Orc Burrow | 6 | 960 | / | 240 |
| Barracks | 1 | 180 | / | 50 |
| Voodoo Lounge | 1 | 130 | / | 30 |
| War Mill | 1 | 205 | / | 0 |
| Tauren Totem | 2 | 270 | / | 310 |
| Stronghold | 1 | 315 | / | 190 |
| Fortress | 1 | 325 | / | 190 |
| total: | 12 | 1925g | / | 680w |
| 0:02 | Peon |
| 0:08 | Altar of Storms |
| 0:10 | Peon |
| 0:13 | Orc Burrow |
| 0:20 | Peon |
| 0:36 | Barracks |
| 0:44 | Peon |
| 0:55 | Peon |
| 1:05 | Peon |
| 1:25 | Peon |
| 1:35 | Orc Burrow |
| 1:45 | Grunt |
| 2:09 | Critical Strike |
| 2:21 | Stronghold |
| 2:31 | Voodoo Lounge |
| 2:49 | Grunt |
| 3:21 | Grunt |
| 4:05 | Grunt |
| 4:07 | Orc Burrow |
| 4:14 | Orc Burrow |
| 4:17 | Healing Salve |
| 4:18 | Lesser Clarity Potion |
| 4:59 | Wind Walk |
| 5:11 | Berserker Strength |
| 5:28 | Tauren Totem |
| 5:41 | Healing Salve |
| 6:02 | War Mill |
| 6:32 | Hex |
| 6:59 | Spirit Walker Adept Training |
| 7:02 | Tauren Totem |
| 7:08 | Wind Walk |
| 8:24 | Healing Salve |
| 8:30 | Potion of Healing |
| 8:36 | Grunt |
| 8:38 | Spirit Walker |
| 8:41 | Fortress |
| 8:43 | Steel Armor |
| 8:47 | Spirit Walker |
| 9:11 | Steel Melee Weapons |
| 10:02 | Lesser Clarity Potion |
| 10:04 | Potion of Mana |
| 10:07 | Potion of Mana |
| 10:42 | Thorium Armor |
| 11:09 | Pulverize |
| 11:10 | Spirit Walker Master Training |
| 11:11 | Tauren |
| 12:57 | Demolisher |
| 13:01 | Arcanite Armor |
| 13:06 | Orc Burrow |
| 13:07 | Orc Burrow |
| 13:13 | Demolisher |
| 13:46 | Thorium Melee Weapons |
| 15:58 | Demolisher |
| 16:00 | Tauren |
| 17:29 | Demolisher |
| 17:33 | Tauren |
| Right click | 808 |
| Select | 207 |
| Build/train/purchase | 69 |
| Select group | 62 |
| Assign group | 23 |
| Use ability | 18 |
| Minimap ping | 5 |
| Resource trade | 4 |
| Misc. action | 1 |
58 units @ 4.6k
/ 0.1k
175 buildings @ 10.2k
/ 4.7k



| Rod of Necromancy | 1 | 150 |
| Ritual Dagger | 1 | 125 |
| Orb of Corruption | 2 | 750 |
| Potion of Healing | 2 | 300 |
| Boots of Speed | 3 | 750 |
| Staff of Teleportation | 2 | 300 |
| Orb of Venom | 1 | 325 |
| total: | 12 | 2700g |
| Acolyte | 5 | 375 | / | 0 |
| Ghoul | 7 | 840 | / | 0 |
| Obsidian Statue | 2 | 400 | / | 70 |
| total: | 14 | 1615g | / | 70w |
| Nerubian Tower | 1 | 100 | / | 20 |
| Crypt | 1 | 200 | / | 50 |
| Altar of Darkness | 1 | 180 | / | 50 |
| Ziggurat | 3 | 450 | / | 150 |
| Tomb of Relics | 1 | 130 | / | 30 |
| Graveyard | 1 | 215 | / | 0 |
| Slaughterhouse | 1 | 140 | / | 135 |
| Halls of the Dead | 1 | 320 | / | 210 |
| Black Citadel | 1 | 325 | / | 230 |
| total: | 8 | 1315g | / | 415w |
| 0:01 | Acolyte |
| 0:06 | Acolyte |
| 0:11 | Crypt |
| 0:21 | Altar of Darkness |
| 0:25 | Ziggurat |
| 0:31 | Acolyte |
| 1:13 | Ghoul |
| 1:25 | Ghoul |
| 1:29 | Ziggurat |
| 1:37 | Tomb of Relics |
| 2:04 | Nerubian Tower |
| 2:20 | Death Coil |
| 2:35 | Ghoul |
| 3:11 | Halls of the Dead |
| 3:31 | Ghoul |
| 4:41 | Graveyard |
| 5:14 | Boots of Speed |
| 5:24 | Ziggurat |
| 6:17 | Black Citadel |
| 6:30 | Rod of Necromancy |
| 6:56 | Frost Nova |
| 7:35 | Ghoul |
| 7:38 | Unholy Aura |
| 8:29 | Ghoul |
| 8:31 | Ritual Dagger |
| 8:48 | Frost Armor |
| 8:57 | Boots of Speed |
| 8:57 | Staff of Teleportation |
| 9:26 | Acolyte |
| 9:50 | Impale |
| 10:48 | Slaughterhouse |
| 10:51 | Acolyte |
| 10:54 | Cannibalize |
| 10:58 | Ghoul |
| 11:08 | Orb of Corruption |
| 12:47 | Orb of Venom |
| 13:10 | Orb of Corruption |
| 13:33 | Staff of Teleportation |
| 13:41 | Boots of Speed |
| 14:57 | Obsidian Statue |
| 15:14 | Potion of Healing |
| 15:18 | Potion of Healing |
| 15:45 | Death Coil |
| 16:48 | Obsidian Statue |
| 17:26 | Spiked Carapace |
| Right click | 1143 |
| Select group | 801 |
| Assign group | 486 |
| Select | 185 |
| Resource trade | 92 |
| Use ability | 61 |
| Build/train/purchase | 50 |
| Misc. action | 13 |
| Item give/drop | 4 |
| Remove unit | 2 |
| Minimap ping | 1 |



| Staff of Sanctuary | 2 | 500 |
| Staff of Teleportation | 2 | 300 |
| Boots of Speed | 3 | 750 |
| total: | 7 | 1550g |
| Peasant | 16 | 1200 | / | 0 |
| Priest | 1 | 135 | / | 10 |
| total: | 17 | 1335g | / | 10w |
| Scout Tower | 137 | 4110 | / | 2740 |
| Arcane Tower | 12 | 840 | / | 600 |
| Guard Tower | 81 | 5670 | / | 4050 |
| Altar of Kings | 1 | 180 | / | 50 |
| Farm | 5 | 400 | / | 100 |
| Lumber Mill | 1 | 120 | / | 0 |
| Town Hall | 1 | 385 | / | 205 |
| Arcane Vault | 6 | 780 | / | 180 |
| Arcane Sanctum | 1 | 150 | / | 140 |
| Keep | 1 | 320 | / | 210 |
| Castle | 2 | 720 | / | 420 |
| total: | 152 | 6125g | / | 3415w |
| 0:01 | Peasant |
| 0:02 | Peasant |
| 0:07 | Altar of Kings |
| 0:11 | Peasant |
| 0:19 | Farm |
| 0:26 | Farm |
| 0:29 | Peasant |
| 0:51 | Lumber Mill |
| 1:03 | Scout Tower |
| 1:05 | Peasant |
| 1:06 | Peasant |
| 1:07 | Peasant |
| 1:18 | Peasant |
| 1:29 | Arcane Tower |
| 1:34 | Peasant |
| 1:37 | Scout Tower |
| 1:43 | Peasant |
| 1:44 | Peasant |
| 1:50 | Scout Tower |
| 1:51 | Scout Tower |
| 1:56 | Peasant |
| 2:03 | Scout Tower |
| 2:04 | Guard Tower |
| 2:05 | Blizzard |
| 2:17 | Arcane Tower |
| 2:31 | Scout Tower |
| 2:40 | Scout Tower |
| 2:42 | Scout Tower |
| 2:43 | Scout Tower |
| 2:43 | Scout Tower |
| 2:44 | Guard Tower |
| 2:50 | Guard Tower |
| 2:51 | Scout Tower |
| 2:51 | Scout Tower |
| 2:52 | Scout Tower |
| 2:52 | Scout Tower |
| 3:00 | Arcane Tower |
| 3:01 | Scout Tower |
| 3:02 | Scout Tower |
| 3:02 | Scout Tower |
| 3:03 | Scout Tower |
| 3:03 | Scout Tower |
| 3:03 | Scout Tower |
| 3:05 | Peasant |
| 3:06 | Peasant |
| 3:13 | Guard Tower |
| 3:14 | Guard Tower |
| 3:15 | Scout Tower |
| 3:15 | Scout Tower |
| 3:17 | Scout Tower |
| 3:18 | Guard Tower |
| 3:32 | Guard Tower |
| 3:32 | Guard Tower |
| 3:38 | Peasant |
| 3:47 | Guard Tower |
| 3:48 | Guard Tower |
| 3:50 | Guard Tower |
| 3:50 | Guard Tower |
| 4:09 | Keep |
| 4:10 | Improved Masonry |
| 4:12 | Guard Tower |
| 4:13 | Guard Tower |
| 4:14 | Guard Tower |
| 4:23 | Guard Tower |
| 4:24 | Scout Tower |
| 4:25 | Scout Tower |
| 4:25 | Scout Tower |
| 4:26 | Scout Tower |
| 4:26 | Scout Tower |
| 4:44 | Brilliance Aura |
| 4:45 | Guard Tower |
| 4:46 | Scout Tower |
| 4:47 | Scout Tower |
| 4:47 | Scout Tower |
| 4:47 | Scout Tower |
| 4:48 | Scout Tower |
| 4:51 | Farm |
| 4:51 | Farm |
| 5:11 | Town Hall |
| 5:16 | Scout Tower |
| 5:17 | Scout Tower |
| 5:17 | Scout Tower |
| 5:17 | Scout Tower |
| 5:18 | Scout Tower |
| 5:18 | Scout Tower |
| 5:19 | Scout Tower |
| 5:20 | Scout Tower |
| 5:20 | Scout Tower |
| 5:21 | Scout Tower |
| 5:21 | Scout Tower |
| 5:22 | Scout Tower |
| 5:34 | Staff of Teleportation |
| 5:38 | Boots of Speed |
| 5:47 | Guard Tower |
| 5:50 | Scout Tower |
| 5:51 | Scout Tower |
| 5:51 | Scout Tower |
| 5:52 | Scout Tower |
| 5:59 | Guard Tower |
| 6:07 | Arcane Tower |
| 6:24 | Scout Tower |
| 6:49 | Blizzard |
| 7:02 | Guard Tower |
| 7:03 | Scout Tower |
| 7:04 | Scout Tower |
| 7:04 | Scout Tower |
| 7:04 | Scout Tower |
| 7:05 | Scout Tower |
| 7:06 | Scout Tower |
| 7:06 | Scout Tower |
| 7:07 | Scout Tower |
| 7:07 | Scout Tower |
| 7:11 | Guard Tower |
| 7:26 | Guard Tower |
| 7:26 | Guard Tower |
| 7:28 | Scout Tower |
| 7:28 | Scout Tower |
| 7:29 | Scout Tower |
| 7:29 | Scout Tower |
| 7:30 | Scout Tower |
| 7:30 | Scout Tower |
| 7:31 | Scout Tower |
| 7:31 | Scout Tower |
| 7:33 | Guard Tower |
| 7:37 | Scout Tower |
| 8:04 | Storm Bolt |
| 8:07 | Scout Tower |
| 8:07 | Scout Tower |
| 8:08 | Scout Tower |
| 8:09 | Scout Tower |
| 8:09 | Scout Tower |
| 8:09 | Scout Tower |
| 8:10 | Scout Tower |
| 8:10 | Scout Tower |
| 8:11 | Scout Tower |
| 8:11 | Scout Tower |
| 8:12 | Scout Tower |
| 8:12 | Scout Tower |
| 8:13 | Scout Tower |
| 8:13 | Scout Tower |
| 8:13 | Scout Tower |
| 8:14 | Scout Tower |
| 8:15 | Guard Tower |
| 8:19 | Guard Tower |
| 8:37 | Arcane Tower |
| 8:39 | Guard Tower |
| 8:40 | Scout Tower |
| 8:41 | Scout Tower |
| 8:41 | Scout Tower |
| 8:42 | Scout Tower |
| 8:56 | Boots of Speed |
| 9:10 | Guard Tower |
| 9:12 | Guard Tower |
| 9:26 | Arcane Vault |
| 9:31 | Scout Tower |
| 10:14 | Arcane Sanctum |
| 10:18 | Arcane Tower |
| 10:22 | Scout Tower |
| 10:24 | Arcane Tower |
| 10:24 | Guard Tower |
| 10:35 | Guard Tower |
| 10:35 | Guard Tower |
| 10:36 | Guard Tower |
| 10:38 | Advanced Masonry |
| 10:40 | Castle |
| 10:52 | Guard Tower |
| 10:54 | Guard Tower |
| 10:55 | Guard Tower |
| 11:03 | Peasant |
| 11:38 | Guard Tower |
| 12:05 | Bash |
| 12:16 | Magic Sentry |
| 12:16 | Priest |
| 12:21 | Farm |
| 12:27 | Arcane Tower |
| 12:29 | Arcane Vault |
| 12:30 | Arcane Vault |
| 12:54 | Guard Tower |
| 12:56 | Guard Tower |
| 12:58 | Arcane Vault |
| 13:02 | Scout Tower |
| 13:02 | Scout Tower |
| 13:06 | Scout Tower |
| 13:07 | Scout Tower |
| 13:07 | Scout Tower |
| 13:09 | Imbued Masonry |
| 13:12 | Scout Tower |
| 13:13 | Scout Tower |
| 13:13 | Scout Tower |
| 13:16 | Scout Tower |
| 13:16 | Scout Tower |
| 13:17 | Scout Tower |
| 13:17 | Scout Tower |
| 13:29 | Scout Tower |
| 13:30 | Scout Tower |
| 13:30 | Scout Tower |
| 13:31 | Scout Tower |
| 13:31 | Scout Tower |
| 13:32 | Scout Tower |
| 14:24 | Staff of Sanctuary |
| 14:26 | Holy Light |
| 14:30 | Scout Tower |
| 14:31 | Scout Tower |
| 14:31 | Scout Tower |
| 14:32 | Scout Tower |
| 14:32 | Scout Tower |
| 14:33 | Scout Tower |
| 14:34 | Scout Tower |
| 14:35 | Scout Tower |
| 14:35 | Scout Tower |
| 14:35 | Scout Tower |
| 14:36 | Scout Tower |
| 14:36 | Scout Tower |
| 14:36 | Scout Tower |
| 14:37 | Scout Tower |
| 14:39 | Guard Tower |
| 14:56 | Guard Tower |
| 14:58 | Scout Tower |
| 14:59 | Scout Tower |
| 14:59 | Scout Tower |
| 15:00 | Scout Tower |
| 15:00 | Scout Tower |
| 15:01 | Scout Tower |
| 15:06 | Arcane Vault |
| 15:10 | Guard Tower |
| 15:10 | Guard Tower |
| 15:10 | Guard Tower |
| 15:14 | Guard Tower |
| 15:17 | Guard Tower |
| 15:27 | Scout Tower |
| 15:27 | Scout Tower |
| 15:28 | Scout Tower |
| 16:30 | Staff of Teleportation |
| 16:30 | Boots of Speed |
| 16:37 | Guard Tower |
| 16:38 | Arcane Vault |
| 16:44 | Arcane Tower |
| 16:44 | Arcane Tower |
| 16:45 | Guard Tower |
| 17:03 | Scout Tower |
| 17:04 | Scout Tower |
| 17:05 | Scout Tower |
| 17:05 | Scout Tower |
| 17:06 | Scout Tower |
| 17:06 | Scout Tower |
| 17:15 | Staff of Sanctuary |
| 17:21 | Guard Tower |
| Right click | 1404 |
| Select | 417 |
| Select group | 261 |
| Build/train/purchase | 158 |
| Use ability | 46 |
| Misc. action | 24 |
| Assign group | 12 |
| Minimap ping | 7 |
| Chat | 7 |
| Item give/drop | 2 |



| Staff of Teleportation | 2 | 300 |
| Boots of Speed | 3 | 750 |
| Circlet of Nobility | 2 | 350 |
| Orb of Corruption | 1 | 375 |
| Claws of Attack +9 | 1 | 300 |
| Amulet of Spell Shield | 1 | 600 |
| total: | 10 | 2675g |
| Wisp | 27 | 1620 | / | 0 |
| total: | 27 | 1620g | / | 0w |
| Altar of Elders | 1 | 180 | / | 50 |
| Moon Well | 10 | 1800 | / | 400 |
| Tree of Life | 1 | 340 | / | 185 |
| Ancient of Wonders | 1 | 90 | / | 30 |
| Hunter's Hall | 1 | 210 | / | 100 |
| Ancient of Wind | 1 | 150 | / | 140 |
| Tree of Ages | 1 | 320 | / | 180 |
| Tree of Eternity | 1 | 330 | / | 200 |
| total: | 15 | 2770g | / | 905w |
| 0:03 | Wisp |
| 0:03 | Wisp |
| 0:05 | Altar of Elders |
| 0:12 | Wisp |
| 0:21 | Moon Well |
| 0:42 | Moon Well |
| 0:48 | Wisp |
| 1:00 | Wisp |
| 1:01 | Wisp |
| 1:16 | Wisp |
| 1:16 | Wisp |
| 1:36 | Wisp |
| 1:36 | Wisp |
| 2:01 | Wisp |
| 2:10 | Entangling Roots |
| 2:14 | Wisp |
| 2:14 | Wisp |
| 3:11 | Wisp |
| 3:11 | Wisp |
| 3:41 | Tree of Ages |
| 3:54 | Staff of Teleportation |
| 3:54 | Boots of Speed |
| 3:55 | Circlet of Nobility |
| 5:31 | Moon Well |
| 5:33 | Moon Well |
| 6:04 | Tree of Eternity |
| 7:10 | Trueshot Aura |
| 7:21 | Tree of Life |
| 7:44 | Moon Well |
| 7:46 | Thorns Aura |
| 7:59 | Moon Well |
| 8:29 | Wisp |
| 8:29 | Wisp |
| 8:29 | Wisp |
| 8:46 | Ancient of Wonders |
| 9:00 | Moon Well |
| 9:01 | Moon Well |
| 9:09 | Wisp |
| 9:09 | Wisp |
| 9:10 | Wisp |
| 9:27 | Moon Well |
| 10:07 | Searing Arrows |
| 10:23 | Boots of Speed |
| 10:25 | Circlet of Nobility |
| 10:36 | Frost Arrows |
| 10:47 | Wisp |
| 10:47 | Wisp |
| 10:47 | Wisp |
| 10:48 | Wisp |
| 10:53 | Wisp |
| 11:40 | Hunter's Hall |
| 11:41 | Moon Well |
| 12:20 | Claws of Attack +9 |
| 13:20 | Boots of Speed |
| 13:21 | Staff of Teleportation |
| 13:30 | Well Spring |
| 13:30 | Ultravision |
| 13:32 | Wisp |
| 13:35 | Ancient of Wind |
| 14:18 | Amulet of Spell Shield |
| 15:17 | Orb of Corruption |
| 16:03 | Entangling Roots |
| Right click | 1103 |
| Select group | 614 |
| Select | 161 |
| Resource trade | 124 |
| Build/train/purchase | 56 |
| Use ability | 36 |
| Misc. action | 33 |
| Chat | 24 |
| Minimap ping | 15 |
| Item give/drop | 10 |
| Assign group | 5 |
| Esc | 1 |
⇛